Unix NetHack Version 5.0.0-0 post-release - last build May 22 2026 02:22:16 (99d1c3b6dc4b13757aaa5824b55bdea4e1e63757,branch:main).

Game began 2026-05-22 23:34:11, ended 2026-05-23 00:01:07.

Brudee, neutral female human Tourist

 ----------        -----         ---
 |........|        |...           .
 |........|        |...-         -.-
 |.........        |...+         +.|
 |........|        |...|         |.+
 |.........#       |...|         |.|
 ----|-.---#       |...|   -------.------+----
     ##    #       |...|   |....|....{.......
     ##    ###     |...|   |._..|..........-
     ##      #     |...|   |....|..........|
     ##      #     |...|   |....|{.........|
     #       ####  |...--+-----|-f.@.......----+-- |
     #          #  |....@..........@)@..)...@......|
   --|---       # #|...-----|-|-----)...----|----- |
   |.[..|      ####....|   ..|..    ....|
   |....-      ####|...-..|..|..|    ...-.
   |....|         #--------------    ------
   |.....
   ------

Brudee the Excursionist     St:10 Dx:10 Co:14 In:15 Wi:9 Ch:18  Neutral S:1812
Dlvl:6  $:26 HP:0(54) Pw:23(23) AC:8  Xp:6/388 T:2956  Fainted  Deaf

Latest messages:
 Z - an uncursed towel.
 K - an uncursed black gem.
 F - a cursed black gem.
 V - an uncursed white gem.
 E - 2 uncursed yellowish brown gems.
 Sparky misses the watchman.
 You stop.  Sparky is in the way!
 Sparky misses the watchman.
 You swap places with Sparky.
 You see a door open.
 a - a +2 dart (at the ready) (8 in total).
 a - a +2 dart (at the ready) (9 in total).
 You begin bashing monsters with your bare hands.
 You hit the gnome.
 You hit the gnome.
 Sparky misses the watchman.
 The gnome swings her bow.
 The gnome hits!
 You kill the gnome!
 Sparky bites the watchman.
 Sparky bites the watchman.
 The watchman thrusts his short sword at Sparky.
 The watchman misses Sparky.
 In what direction? l
 The dart hits the kitten.
 The kitten hisses!
 Sparky turns to flee.
 "Halt!  You're under arrest!"
 Angry guards are approaching!
 Sparky misses the watchman.
 In what direction? l
 You throw 2 darts.
 The 1st dart hits the kitten!
 You kill the kitten!
 You faint from lack of food.
 Sparky misses the watchman.
 The watchman thrusts his short sword.
 The watchman hits!
 The watchman wields a spear!
 Sparky bites the watchman.
 The watchman thrusts his short sword at Sparky.
 The watchman hits Sparky.
 The watchman thrusts his short sword.
 The watchman hits!
 The watchman picks up a +2 dart.
 The watchman thrusts his short sword.
 The watchman hits!
 You die...
 Do you want your possessions identified? [ynq] (y) y
 Do you want to see your attributes? [ynq] (y) q

Inventory:
 Coins    ('$')
  $ - 26 gold pieces
 Weapons  (')')
  a - 6 +2 darts (at the ready)
  W - 11 +0 darts
  O - 9 cursed -1 shuriken
  N - a +0 dwarvish short sword
 Armor    ('[')
  s - an uncursed +0 pair of jumping boots (being worn)
  U - a blessed +1 dwarvish cloak (being worn)
  j - an uncursed +0 Hawaiian shirt with a hula dancer motif (being worn)
 Comestibles  ('%')
  e - 5 uncursed food rations
  b - 3 uncursed fortune cookies
  d - 2 uncursed homemade tins of newt meat
  c - 2 uncursed eggs
 Scrolls  ('?')
  S - an uncursed scroll of create monster
  H - a blessed scroll of enchant weapon
  Q - an uncursed scroll of identify
  D - a blessed scroll of light
  x - an uncursed scroll of scare monster
  o - a blessed scroll of teleportation
 Spellbooks  ('+')
  I - an uncursed spellbook of drain life
 Potions  ('!')
  J - a blessed potion of confusion
  y - an uncursed potion of gain energy
  m - 2 uncursed potions of healing
  G - 2 uncursed potions of water
 Rings    ('=')
  p - a cursed ring of hunger
  q - an uncursed ring of invisibility
  r - a cursed ring of stealth
 Wands    ('/')
  L - a wand of light (0:11)
  v - a wand of speed monster (0:4)
 Tools    ('(')
  X - an uncursed blindfold
  l - an uncursed credit card
  k - an expensive camera (0:91)
  Z - an uncursed towel
 Gems/Stones  ('*')
  K - an uncursed worthless piece of black glass
  F - a cursed worthless piece of black glass
  V - an uncursed worthless piece of white glass
  E - 2 uncursed worthless pieces of yellowish brown glass

Brudee the Tourist's attributes:

Background:
 You were an Excursionist, a level 6 female human Tourist.
 You were neutral, on a mission for The Lady
 who was opposed by Blind Io (lawful) and Offler (chaotic).
 You were right-handed.
 You were in the Gnomish Mines, on level 6.
 You entered the dungeon 2956 turns ago.
 It was the midnight hour.
 You had 388 experience points, 252 more were needed to attain level 7.
 Your score was 1812 before end-of-game adjustments.

Basics:
 You had 0 out of 54 hit points.
 You had all 23 energy points (spell power).
 Your armor class was 8.
 Your wallet contained 26 zorkmids.
 Autopickup was on for '$!=+?/"' plus thrown.

Final Characteristics:
 Your strength was 10 (base:11, limit:18/100).
 Your dexterity was 10 (limit:18).
 Your constitution was 14 (limit:18).
 Your intelligence was 15 (limit:18).
 Your wisdom was 9 (limit:18).
 Your charisma was 18 (limit:18).

Final Status:
 You were deaf.
 You were fainted due to starvation.
 You were unencumbered.
 You were bare handed.
 You were unskilled in bare handed combat.

Final Attributes:
 You were devoutly aligned.
 Your items were somewhat protected from fire.
 Your items were somewhat protected from cold.
 You were telepathic.
 You could jump.
 You were warded.
 You are dead.

Miscellaneous:
 You didn't encounter any bones levels.
 Total elapsed playing time was 26 minutes and 54 seconds.

Major events:
 Turn
    1: Brudee the neutral female human Tourist entered the dungeon
 1135: entered the Gnomish Mines
 1539: attained the rank of Sightseer (level 3)
 2898: attained the rank of Excursionist (level 6)
 2899: reached Mine Town
 2956: killed by a watchman, while fainted from lack of food

You didn't know any spells.

Skills:
 Fighting Skills
   bare handed combat [Unskilled]
   two weapon combat  [Unskilled]
   riding             [Unskilled]
 Weapon Skills
   dagger             [Unskilled]
   knife              [Unskilled]
   axe                [Unskilled]
   pick-axe           [Unskilled]
   short sword        [Basic]
   broadsword         [Unskilled]
   long sword         [Unskilled]
   two-handed sword   [Unskilled]
   saber              [Unskilled]
   mace               [Unskilled]
   morning star       [Unskilled]
   flail              [Unskilled]
   hammer             [Unskilled]
   quarterstaff       [Unskilled]
   polearms           [Unskilled]
   spear              [Unskilled]
   trident            [Unskilled]
   lance              [Unskilled]
   bow                [Unskilled]
   sling              [Unskilled]
   crossbow           [Unskilled]
   dart               [Skilled]
   shuriken           [Unskilled]
   boomerang          [Unskilled]
   whip               [Unskilled]
   unicorn horn       [Unskilled]
 Spellcasting Skills
   divination spells  [Unskilled]
   enchantment spells [Unskilled]
   escape spells      [Unskilled]

Voluntary challenges:
 Character rerolling was not enabled.
 You never genocided any monsters.
 You never polymorphed an object.
 You never changed form.
 You used no wishes.
Achievements:
 You entered a shop.
 You entered the Gnomish Mines.
 You attained the rank of Sightseer.
 You attained the rank of Excursionist.
 You entered Minetown.
 You entered a temple.

 The Dungeons of Doom: levels 1 to 5
    Level 1:
       A fountain.
    Level 2:
       A weapon shop, a fountain.
    Level 3:
       A potion shop, a fountain.
       Stairs down to The Gnomish Mines.
    Level 4:
       A weapon shop.
    Level 5:
       A fountain.
 The Gnomish Mines: levels 4 to 6
    Level 4:
    Level 5:
    Level 6: <- You were here.
       A temple and an altar, some fountains.
       Final resting place for
          you, killed by a watchman, while fainted from lack of food.


Vanquished creatures:
  a small mimic
  4 gnome leaders
  2 gnomish wizards
  a floating eye
  2 kittens
  3 dwarves
  a rothe
  a rabid rat
  3 giant bats
  a monkey
  5 iguanas
  2 acid blobs
  4 coyotes
  a gas spore
  2 hobgoblins
  2 cave spiders
 15 gnomes
  a garter snake
  a gnome zombie
  2 geckos
  5 jackals
  2 goblins
 10 grid bugs
  6 lichens
  3 kobold zombies
  a newt
81 creatures vanquished.

No species were genocided or became extinct.

Game over:
                       ----------
                      /          \
                     /    REST    \
                    /      IN      \
                   /     PEACE      \
                  /                  \
                  |      Brudee      |
                  |      26 Au       |
                  |   killed by a    |
                  |     watchman     |
                  |                  |
                  |                  |
                  |       2026       |
                 *|     *  *  *      | *
        _________)/\\_//(\/(/\)/\//\/|_)_______

Aloha Brudee the Tourist...

You died in The Gnomish Mines on dungeon level 6 with 1812 points,
and 26 pieces of gold, after 2956 moves.
You were level 6 with a maximum of 54 hit points when you died.

